 Dungeon Crawl Stone Soup version 0.19-a0-934-gf1df8d1 (webtiles) character file.

303 George the Slasher (level 6, -7/44 HPs)
             Began as a Demonspawn Gladiator on July 7, 2016.
             Mangled by an orc warrior
             ... wielding a +0 hand axe
              (16 damage)
             ... on level 4 of the Dungeon.
             The game lasted 00:05:20 (3426 turns).

George the Slasher (Demonspawn Gladiator)           Turns: 3426, Time: 00:05:20

Health: -7/44      AC: 10    Str: 17    XL:     6   Next: 15%
Magic:  6/6        EV: 10    Int:  9    God:
Gold:   201        SH:  3    Dex: 14    Spells: 0 memorised, 5 levels left

rFire  . . .     SeeInvis .     a - +0 long sword
rCold  . . .     Gourm    .     h - +0 scale mail
rNeg   . . .     Faith    .     (no shield)
rPois  .         Spirit   .     (helmet restricted)
rElec  .         Dismiss  .     (no cloak)
rCorr  .         Reflect  .     (no gloves)
SustAt .         Harm     .     y - +0 pair of boots
MR     .....                    (no amulet)
Stlth  ..........               (no ring)
                                (no ring)

@: not resistant to hostile enchantments, extremely unstealthy
A: antennae 1, large bone plates 2, demonic guardian 1
a: no special abilities


You were on level 4 of the Dungeon.
You were hungry.

You visited 1 branch of the dungeon, and saw 4 of its levels.

You collected 201 gold pieces.

Inventory:

Hand Weapons
 a - a +0 long sword (weapon)
 r - a cursed +0 short sword
 s - a cursed -3 rapier
Missiles
 d - 3 throwing nets (quivered)
Armour
 h - a +0 scale mail (worn)
 y - a +0 pair of boots (worn)
Jewellery
 t - an uncursed ring of fire {unknown}
Wands
 w - a wand of slowing (14/48)
Scrolls
 g - 3 scrolls of teleportation {unknown}
 i - 2 scrolls of amnesia {unknown}
 k - a scroll of random uselessness {unknown}
 l - 2 scrolls of fear {unknown}
 m - a scroll of identify {unknown}
 n - 2 scrolls of remove curse {unknown}
 u - a scroll of blinking {unknown}
 x - a scroll of noise {unknown}
Potions
 e - 2 potions of berserk rage {unknown}
 j - a potion of degeneration {unknown}
 o - a potion of curing {unknown}
 p - a potion of haste {unknown}
Comestibles
 f - 5 bread rations
 q - a meat ration
 z - 3 fruits


   Skills:
 - Level 2.0 Fighting
 + Level 6.3 Long Blades
 - Level 1.7 Throwing
 - Level 2.6 Dodging


You had 5 spell levels left.
You didn't know any spells.

Dungeon Overview and Level Annotations

Branches:
Dungeon (4/15)
 Temple: D:4-7

Altars:
Cheibriados


Innate Abilities, Weirdness & Mutations

You have a pair of small antennae on your head.
You are mostly covered in large bone plates. (AC +3, SH +3)
A weak demonic guardian rushes to your aid.


Message History

The orc warrior closely misses your quasit.
Your quasit bites the orc warrior but does no damage.
Your quasit claws the orc warrior but does no damage.
Your quasit barely misses the orc warrior.
You are too injured to fight recklessly!
You closely miss the orc warrior.
The orc warrior is severely wounded.
Your quasit bites the orc warrior but does no damage.
Your quasit closely misses the orc warrior.
Your quasit claws the orc warrior but does no damage.
The orc warrior hits you with a hand axe!
* * * LOW HITPOINT WARNING * * *
The orc warrior hits your quasit with a hand axe!
Your quasit barely misses the orc warrior.
Your quasit closely misses the orc warrior.
Your quasit barely misses the orc warrior.
Your scale mail prevents you from hitting the orc warrior.
The orc warrior is severely wounded.
The orc warrior hits you with a hand axe!
You die...

############
##...........
#.............
#.............
#.............
#.............
#....@o5......
#.............
#..............
#..............
##..............
#..............
#..............
##.............
##............


You could see an orc warrior and a friendly quasit.

Vanquished Creatures
  2 hounds (D:3)
  Natasha (twice) (D:3)
  5 adders
  3 gnolls (D:3)
  4 worms
  6 giant geckos
  4 orcs
  A ball python (D:3)
  3 giant cockroaches
  6 goblins
  5 hobgoblins
  2 jackals (D:1)
  3 quokkas
  11 bats
  5 giant newts
  8 kobolds
  13 rats
83 creatures vanquished.

Vanquished Creatures (collateral kills)
  Natasha (D:4)
1 creature vanquished.

Grand Total: 84 creatures vanquished

Notes
Turn   | Place    | Note
-------+----------+-------------------------------------------
     0 | D:1      | George the Demonspawn Gladiator began the quest for the Orb.
     0 | D:1      | Reached XP level 1. HP: 16/16 MP: 1/1
   174 | D:1      | Reached skill level 3 in Long Blades
   382 | D:1      | Gained mutation: You are partially covered in large bone plates. (AC +2, SH +2) [demonic ancestry]
   382 | D:1      | Reached XP level 2. HP: 22/22 MP: 2/2
   822 | D:1      | Gained mutation: You are mostly covered in large bone plates. (AC +3, SH +3) [demonic ancestry]
   822 | D:1      | Reached XP level 3. HP: 27/27 MP: 3/3
   931 | D:2      | Reached skill level 4 in Long Blades
  1398 | D:2      | Gained mutation: You have a pair of small antennae on your head. [demonic ancestry]
  1398 | D:2      | Reached XP level 4. HP: 33/33 MP: 4/4
  2181 | D:3      | Reached skill level 5 in Long Blades
  2186 | D:3      | Reached XP level 5. HP: 21/38 MP: 5/5
  2434 | D:3      | Noticed Natasha
  2442 | D:3      | Killed Natasha
  2531 | D:3      | Found a snail-covered altar of Cheibriados.
  2608 | D:3      | Reached skill level 6 in Long Blades
  2776 | D:3      | Noticed Natasha
  2787 | D:3      | Killed Natasha
  2787 | D:3      | Gained mutation: A weak demonic guardian rushes to your aid. [demonic ancestry]
  2787 | D:3      | Reached XP level 6. HP: 43/44 MP: 6/6
  2985 | D:4      | Noticed Natasha
  2992 | D:4      | Killed Natasha
  3091 | D:4      | Noticed an orc warrior
  3118 | D:4      | HP: 2/44 [orc warrior/hand axe (12)]
  3426 | D:4      | Mangled by an orc warrior

Vault maps used:
D:1:      shiori_shiawase, kennysheep_nondescript, minmay_box_of_dots
D:3:      cheibriados_altar_wand_db, grunt_ministairs_7, cheibrodos_gnoll_hut,
          uniq_natasha
D:4:      kennysheep_mini_moat, serial_shops, nicolae_shop_crystal, first_bread,
          nrook_mini_vaults, patterned_corridor

Skill      XL: |  1  2  3  4  5 |
---------------+----------------+-----
Long Blades    | 3 4 5 6 |  6.3
Fighting       | |  2.0
Throwing       | |  1.7
Dodging        | |  2.6

Action                   |  1- 3 |  4- 6 || total
-------------------------+-------+-------++-------
Melee: Long sword        |   137 |   222 ||   359
  Eat: Chunk             |     2 |     6 ||     8
Armor: Scale mail        |    59 |    79 ||   138
Dodge: Dodged            |    51 |    82 ||   133
Block: Other             |    12 |    26 ||    38
